 Dungeon Crawl Stone Soup version 0.29.1-13-g9f3cf754e1 (webtiles) character file.

Game seed: 10429115272501471187

317 Exodus22XD the Chopper (level 6, 55/55 HPs)
             Began as a Minotaur Fighter on Feb 3, 2023.
             Was a Follower of Uskayaw.
             Quit the game on level 3 of the Dungeon.
             The game lasted 00:02:08 (2107 turns).

Exodus22XD the Chopper (Minotaur Fighter)           Turns: 2107, Time: 00:02:08

Health: 55/55      AC:  7    Str: 23    XL:     6   Next: 20%
Magic:  5/5        EV:  9    Int: 11    God:    Uskayaw [*.....]
Gold:   103        SH:  5    Dex: 11    Spells: 5/5 levels left

rFire   + + .      SeeInvis +   a - +0 war axe
rCold   . . .      Faith    .   c - +0 buckler
rNeg    . . .      Spirit   .   b - +0 scale mail
rPois   .          Reflect  .   (helmet restricted)
rElec   .          Harm     .   (no cloak)
rCorr   .          Rampage  .   (no gloves)
Will    .....                   (no boots)
Stlth   ..........              (no amulet)
HPRegen 0.18/turn               j - ring of the Ethereal God {+Blink rF++ Int+6 Dex+2}
MPRegen 0.09/turn               o - ring of see invisible

@: no status effects
A: horns 2, retaliatory headbutt
a: Renounce Religion, Evoke Blink, Stomp


You were on level 3 of the Dungeon.
You worshipped Uskayaw.
Uskayaw was noncommittal.
You visited 1 branch of the dungeon, and saw 3 of its levels.

You collected 103 gold pieces.

Inventory:

Hand Weapons
 a - a +0 war axe (weapon)
 l - a +3 flail
Armour
 b - a +0 scale mail (worn)
 c - a +0 buckler (worn)
Jewellery
 j - the ring of the Ethereal God (left hand) {+Blink rF++ Int+6 Dex+2}
   (You found it on level 2 of the Dungeon)

   [ring of intelligence]

   Int:       It affects your intelligence (+6).
   Dex:       It affects your dexterity (+2).
   rF:        It greatly protects you from fire.
   +Blink:    It lets you blink.
 o - a ring of see invisible (right hand)
Scrolls
 g - a scroll of blinking {unknown}
 i - a scroll of teleportation {unknown}
 k - a scroll of immolation {unknown}
 m - a scroll of fear {unknown}
 q - a scroll of identify {unknown}
Potions
 d - a potion of might
 e - a potion of curing {unknown}
 f - a potion of invisibility {unknown}
 h - 2 potions of cancellation {unknown}
 n - a potion of magic {unknown}
 p - a potion of heal wounds {unknown}


   Skills:
 + Level 4.8 Fighting
 + Level 5.5(5.6) Axes
 + Level 0.9(3.5) Maces & Flails
 + Level 5.1 Armour
 + Level 4.4 Shields


You had 5 spell levels left.
You didn't know any spells.
Your spell library was empty.

Dungeon Overview and Level Annotations

Branches:
Dungeon (3/15)

Altars:
Uskayaw


Innate Abilities, Weirdness & Mutations

You have a pair of horns on your head.
You reflexively headbutt those who attack you in melee.


Message History

The hobgoblin shouts!
A hobgoblin is nearby!
Found a stone staircase leading down.
A hobgoblin is nearby!
You slash the hobgoblin!
You kill the hobgoblin!
q - a scroll labelled AFIODE PUBA You now have 103 gold pieces (gained 13).
You see here a hobgoblin corpse.
No target in view!
A quokka comes into view.
Found a fizzy pink potion.
Found a stone staircase leading down.
A quokka is nearby!
A quokka is nearby!
You barely miss the quokka. You block the quokka's attack.
You slash the quokka!
You kill the quokka!
No target in view!
No target in view!
Found a faded altar of an unknown god.
There is a stone staircase leading down here.
Found an escape hatch in the ceiling.
You are caught in the web!
A jackal comes into view.
The jackal moves out of view.
There is a web here.
You disentangle yourself.
You can't go down here!
An orc comes into view. It is wielding a +0 club.
The orc shouts!
A jackal comes into view.
There is a faded altar of an unknown god here.
You cannot tell which god this altar belongs to.
Convert to them anyway?
Uskayaw accepts your prayer! Uskayaw welcomes you!
You can now stomp with the beat.
The jackal barks!
An orc comes into view. It is wielding a +0 club.
You block the jackal's attack.
Are you sure you want to abandon this character and quit the game? (Confirm with "yes".)

#......# #....##
#.†....####.#..(#
#<..........#...# .
###.......#####...# #h
#........##.>.†.#.#
...###.#.......#....##.#
...<...####.##.#....# .#
o.o<....^##.##...#### .#
##.h@^........# .#
##..^...##..##
#.##..>....## #.
#..##....# ..
#.##...........# ...
#....###..!..#.. ....
..### ##..### #.......#
.## ..... .#


You could see 2 orcs and 2 jackals.

Vanquished Creatures
  Sigmund (D:2)
  An orc priest (D:3)
  Jessica (D:2)
  Natasha (D:3)
  An adder (D:2)
  3 dart slugs
  2 orcs (D:3)
  7 bats
  6 endoplasms
  A giant cockroach (D:1)
  6 hobgoblins
  2 jackals (D:1)
  3 quokkas
  5 ball pythons
  4 frilled lizards
  7 goblins
  7 kobolds
  8 rats
66 creatures vanquished.

Notes
Turn   | Place    | Note
-------+----------+-------------------------------------------
     0 | D:1      | Exodus22XD the Minotaur Fighter began the quest for the
                  | Orb.
     0 | D:1      | Reached XP level 1. HP: 19/19 MP: 0/0
   159 | D:1      | Reached XP level 2. HP: 27/27 MP: 1/1
   604 | D:1      | Reached XP level 3. HP: 33/33 MP: 2/2
   957 | D:2      | Identified the ring of the Ethereal God {+Blink rF++ Int+6
                  | Dex+2}
  1248 | D:2      | Noticed Sigmund
  1301 | D:2      | Killed Sigmund
  1302 | D:2      | Reached XP level 4. HP: 13/41 MP: 3/3
  1302 | D:2      | Reached XP level 5. HP: 15/47 MP: 4/4
  1305 | D:2      | Reached skill level 5 in Axes
  1544 | D:2      | Noticed Jessica
  1548 | D:2      | Killed Jessica
  1906 | D:3      | Reached skill level 5 in Armour
  1907 | D:3      | Reached XP level 6. HP: 35/55 MP: 5/5
  2037 | D:3      | Noticed Natasha
  2041 | D:3      | Killed Natasha
  2097 | D:3      | Found a faded altar of an unknown god.
  2106 | D:3      | Prayed at the altar of an unknown god.
  2106 | D:3      | Became a worshipper of Uskayaw the Reveller
  2106 | D:3      | Reached * piety under Uskayaw
  2107 | D:3      | Quit the game

Illustrated notes

Levels and vault maps discovered:
D:1:      erik_arrival_blinker_ship, layout_loops_ring, st_stairs_12
D:2:      layout_loops_ring, uniq_sigmund, uniq_jessica
D:3:      wad_pebble_path, layout_rooms, ebering_ecumenical_altar_webs,
          minmay_randomly_rotated_circles, uniq_natasha

Skill      XL: |  1  2  3  4  5 |
---------------+----------------+-----
Armour         | 4 5 |  5.1
Fighting       | 4 |  4.8
Shields        | 4 |  4.4
Axes           | 4 5 |  5.5
Maces & Flails | |  0.9

Action                   |  1- 3 |  4- 6 || total
-------------------------+-------+-------++-------
Melee: War axe           |    96 |    25 ||   121
       Headbutt          |    13 |     1 ||    14
       Flail             |     2 |     1 ||     3
Armor: Scale mail        |    60 |    10 ||    70
Dodge: Dodged            |    43 |    17 ||    60
Block: Buckler           |    20 |     5 ||    25
